 Dungeon Crawl Stone Soup version 0.30-a0-174-gbc10bd73c2 (webtiles) character file.

Game seed: 7325021721168117489

56 qw the Chopper (level 3, -2/23 HPs)
             Began as a Gargoyle Fighter on Oct 1, 2022.
             Killed by divine providence
             ... invoked by an orc priest
              (13 damage)
             ... on level 3 of the Dungeon.
             The game lasted 00:00:46 (1848 turns).

qw the Chopper (Gargoyle Fighter)                   Turns: 1848, Time: 00:00:46

Health: -2/23      AC: 14    Str: 27    XL:     3   Next: 95%
Magic:  3/3        EV:  9    Int:  8    God:
Gold:   113        SH:  4    Dex:  9    Spells: 2/2 levels left

rFire   . . .      SeeInvis .    Y - +1 war axe
rCold   . . .      Faith    .    c - +0 buckler
rNeg    + . .      Spirit   .    b - +0 scale mail
rPois   inf        Reflect  .    (no helmet)
rElec   +          Harm     .    (no cloak)
rCorr   .          Rampage  .    (no gloves)
Will    .....                    (no boots)
Stlth   ..........               (no amulet)
HPRegen 0.23/turn                e - +4 ring of protection
MPRegen 0.08/turn                h - +6 ring of strength

@: no status effects
A: sickness immunity, AC +3, negative energy resistance 1, electricity
resistance, torment resistance 1, petrification resistance
a: no special abilities


You were on level 3 of the Dungeon.
You visited 1 branch of the dungeon, and saw 3 of its levels.

You collected 113 gold pieces.


Innate Abilities, Weirdness & Mutations

You are immune to sickness and miasma.
Your stone body is resilient. (AC +3)
You are immune to poison.
You resist negative energy. (rN+)
You are resistant to electric shocks. (rElec)
You are resistant to unholy torment.
You are immune to petrification.


   Skills:
 - Level 3.2 Fighting
 + Level 3.7 Axes
 - Level 3.2 Armour
 - Level 3.2 Shields


You had 2 spell levels left.
You didn't know any spells.
Your spell library was empty.

Inventory:

Hand Weapons
 f - a +0 whip
 Y - a +1 war axe (weapon)
Armour
 b - a +0 scale mail (worn)
 c - a +0 buckler (worn)
Jewellery
 e - a +4 ring of protection (left hand)
 h - a +6 ring of strength (right hand)
Scrolls
 a - a scroll of identify
Potions
 d - 2 potions of might
 g - a potion of curing
 i - a potion of mutation
 n - a potion of haste {unknown}

Dungeon Overview and Level Annotations

Branches:
Dungeon (3/15)

Altars:

Shops:
D:1 *


Message History

The kobold unwields a +1 sling of flaming.
It stops flaming.
The kobold wields a +0 whip.
The kobold hits you but does no damage.
You closely miss the kobold. The kobold hits you but does no damage.
You slash the orc!
You kill the orc!
You slash the kobold!
You kill the kobold!
An orc comes into view. It is wielding a +0 short sword.
Things that are here:
a +0 whip; a +1 sling of flaming; 11 gold pieces The orc shouts!
An orc priest comes into view. It is wielding a +0 club.
You slash the orc!
You kill the orc!
You slash the orc priest!
The orc priest is heavily wounded.
The orc priest looks satisfied for a moment.
The orc priest closely misses you.
You hit the orc priest.
The orc priest is heavily wounded.
The orc priest invokes the aid of Beogh against you.
You are unaffected.
You closely miss the orc priest.
The orc priest is heavily wounded.
The orc priest barely misses you.
You hit the orc priest.
The orc priest is severely wounded.
The orc priest hits you with a +0 club. The orc priest completely misses you.
You barely miss the orc priest.
The orc priest is severely wounded.
The orc priest mumbles some strange prayers to Beogh against you.
Beogh smites you!
You hit the orc priest.
The orc priest is almost dead.
The orc priest invokes the aid of Beogh against you.
Beogh smites you!
Ouch! That really hurt!
You die...

##### .....
.....#
##....##########
................
##..........#
.........@o.#
.###..))...#
#.......# #.#
#.......# #.#
#.......# #.#
#.......# #.#
#.......# #.#
#.......# #.#
#.......#


You could see an orc priest.

Vanquished Creatures
  An adder (D:2)
  2 orcs (D:3)
  4 ball pythons
  4 bats
  5 endoplasms
  9 goblins
  A hobgoblin (D:3)
  7 kobolds
  2 quokkas
  2 frilled lizards (D:2)
  4 rats
41 creatures vanquished.

Notes
Turn   | Place    | Note
-------+----------+-------------------------------------------
     0 | D:1      | qw the Gargoyle Fighter began the quest for the Orb.
     0 | D:1      | Reached XP level 1. HP: 14/14 MP: 1/1
     0 | D:1      | 0 ||| qw: Version: 0.2-a-13-gfc7b4b4
     0 | D:1      | 0 ||| qw: Game counter: 1876
     0 | D:1      | 0 ||| qw: Always use a shield: true
     0 | D:1      | 0 ||| qw: God list: Okawaru
     0 | D:1      | 0 ||| qw: Allow faded altars: false
     0 | D:1      | 0 ||| qw: Do Orc after D:15 true
     0 | D:1      | 0 ||| qw: Do second Lair branch before Depths: true
     0 | D:1      | 0 ||| qw: Lair rune preference: random
     0 | D:1      | 0 ||| qw: Plans: Normal, Zot:1-4, God:TSO, Crypt, Tomb,
                  | Pan, Slime:5, Hells, Abyss, Orb
     0 | D:1      | 0 ||| PLANNING D:1-11
    84 | D:1      | Found Saosm's General Store.
   104 | D:1      | 104 ||| SHOPLISTING potion of curing (30 gold, have 19).
   104 | D:1      | 104 ||| SHOPLISTING scroll of enchant weapon (75 gold, have
                  | 19).
   104 | D:1      | 104 ||| SHOPLISTING scroll of identify (20 gold, have 19).
   104 | D:1      | 104 ||| SHOPLISTING scroll of teleportation (30 gold, have
                  | 19).
   266 | D:1      | Reached XP level 2. HP: 16/19 MP: 2/2
   828 | D:1      | Reached skill level 3 in Axes
  1004 | D:1      | 1004 ||| UPGRADING to +4 ring of protection.
  1005 | D:1      | 1005 ||| UPGRADING to +6 ring of strength.
  1006 | D:1      | 1006 ||| READING 2 scrolls labelled HOIN JUKHUD.
  1007 | D:1      | 1007 ||| READING scroll labelled XUTHOA PYNOUM.
  1026 | D:2      | 1026 ||| Stepping ~*~*~tactically~*~*~ (stealth).
  1037 | D:2      | 1037 ||| DROPPING +0 club.
  1060 | D:2      | Reached XP level 3. HP: 22/23 MP: 3/3
  1066 | D:2      | Identified the +1 robe of the Fiend {rPois rF+}
  1123 | D:2      | 1123 ||| Stepping ~*~*~tactically~*~*~ (stealth).
  1256 | D:2      | Found a faded altar of an unknown god.
  1258 | D:2      | 1258 ||| Stepping ~*~*~tactically~*~*~ (stealth).
  1520 | D:2      | 1520 ||| READING scroll labelled ILOGEDICLI.
  1525 | D:2      | 1525 ||| READING scroll labelled IFRAIZOSTI.
  1526 | D:2      | 1526 ||| READING scroll labelled DUNWUS GEIST.
  1527 | D:2      | 1527 ||| READING scroll labelled MIGUXI LINIX.
  1528 | D:2      | 1528 ||| READING scroll labelled FACOVE HUDE.
  1629 | D:2      | 1629 ||| DRINKING 2 dark potions.
  1630 | D:2      | 1630 ||| READING 3 scrolls of identify.
  1630 | D:2      | 1630 ||| IDENTIFYING fuming blue potion
  1631 | D:2      | 1631 ||| READING 2 scrolls of identify.
  1631 | D:2      | 1631 ||| IDENTIFYING lumpy inky potion
  1632 | D:2      | 1632 ||| DROPPING potion of brilliance.
  1848 | D:3      | Killed from afar by an orc priest

Levels and vault maps discovered:
D:1:      dpeg_arrival_subterranean_lakeside_camping, layout_basic,
          serial_shops, shop_statue
D:2:      layout_rooms, shapermc_ecumenical_altar_venn
D:3:      layout_basic, serial_shops, shop, shop, shop, nicolae_shop_trees

Skill      XL: |  1  2 |
---------------+-------+-----
Axes           | 2 3 |  3.7
Fighting       | |  3.2
Armour         | |  3.2
Shields        | |  3.2

Action                   || total
-------------------------++-------
Melee: War axe           ||   123
  Use: Scroll            ||     9
       Potion            ||     1
Armor: Scale mail        ||    66
Dodge: Dodged            ||    55
Block: Buckler           ||    20

Table legend:
 A = Non-vault XP
 B = Vault XP
 C = Vault XP percentage of total XP
 D = Non-vault monster count
 E = Vault monster count
 F = Vault count percentage of total count
                 A         B        C        D         E       F
            +---------+---------+-------+---------+---------+-------
      Total |      70 |      10 |  12.5 |      35 |       6 |  14.6
            +---------+---------+-------+---------+---------+-------
        D:1 |      20 |      10 |  33.3 |      11 |       6 |  35.3
        D:2 |      37 |       0 |   0.0 |      17 |       0 |   0.0
        D:3 |      13 |       0 |   0.0 |       7 |       0 |   0.0
            +---------+---------+-------+---------+---------+-------
